 Dungeon Crawl Stone Soup version 0.20.1-1-g8b1a95d (webtiles) character file.

10943 panicbit the Cleaver (level 11, -5/99 HPs)
             Began as a Minotaur Fighter on Oct 30, 2017.
             Was a High Priest of Okawaru.
             Slain by a death yak (17 damage)
             ... on level 2 of the Lair of Beasts.
             The game lasted 00:30:46 (9697 turns).

panicbit the Cleaver (Minotaur Fighter)             Turns: 9697, Time: 00:30:47

Health: -5/99      AC: 23    Str: 28    XL:     11   Next: 42%
Magic:  8/10       EV: 12    Int:  5    God:    Okawaru [*****.]
Gold:   1268       SH: 11    Dex: 14    Spells: 10/10 levels left

rFire    . . .     SeeInvis +   a - +0 war axe
rCold    + . .     Gourm    .   A - +0 shield of Gallantry {rC+ Str+3}
rNeg     + . .     Faith    +   N - +0 pearl dragon scales
rPois    .         Spirit   .   D - +0 hat
rElec    .         Reflect  .   w - +1 cloak {MR+}
rCorr    .         Harm     .   (no gloves)
MR       +....                  m - +0 pair of boots
Stlth    ..........             b - amulet of faith
Regen    0.3/turn               G - +5 ring of protection
MPRegen  0.2/turn               q - ring of see invisible

@: mighty
A: retaliatory headbutt, horns 2
a: Heroism, Finesse, Renounce Religion


You were on level 2 of the Lair of Beasts.
You worshipped Okawaru.
Okawaru was extremely pleased with you.
You were full.

You visited 3 branches of the dungeon, and saw 12 of its levels.
You also visited: Labyrinth and Bailey.

You collected 1268 gold pieces.

Inventory:

Hand Weapons
 a - a +0 war axe (weapon)
 B - a +0 battleaxe
 O - a +2 flail of draining
Armour
 c - a +0 shield
 m - a +0 pair of boots (worn)
 w - a +1 cloak of magic resistance (worn)
 A - the +0 shield of Gallantry (worn) {rC+ Str+3}
   (Okawaru gifted it to you on level 1 of the Lair of Beasts)

   It affects your strength (+3).
   It protects you from cold.
 D - a +0 hat (worn)
 N - +0 pearl dragon scales (worn)
Jewellery
 b - an amulet of faith (around neck)
 q - a ring of see invisible (right hand)
 v - an uncursed ring of protection from cold
 G - a +5 ring of protection (left hand)
 K - an uncursed ring of protection from cold
 P - an uncursed ring of stealth
 S - an uncursed ring of flight {unknown}
Scrolls
 e - 9 scrolls of identify
 h - 7 scrolls of teleportation
 i - 6 scrolls of blinking {unknown}
 j - a scroll of random uselessness {unknown}
 p - 2 scrolls of remove curse
 r - 5 scrolls of recharging {unknown}
 s - 3 scrolls of magic mapping {unknown}
 x - 2 scrolls of acquirement {unknown}
 y - 4 scrolls of enchant weapon {unknown}
 E - 2 scrolls of fog {unknown}
 F - a scroll of immolation {unknown}
 H - 2 scrolls of enchant armour {unknown}
 L - a scroll of fear {unknown}
 Q - a scroll of torment {unknown}
 R - a scroll of vulnerability {unknown}
 U - a scroll of noise {unknown}
Potions
 d - 3 potions of might
 g - 2 potions of cancellation {unknown}
 k - 5 potions of mutation {unknown}
 l - a potion of lignification {unknown}
 t - 2 potions of curing {unknown}
 u - a potion of magic {unknown}
 z - 5 potions of haste {unknown}
 C - 2 potions of agility {unknown}
 J - 2 potions of berserk rage {unknown}
 M - a potion of invisibility {unknown}
 T - a potion of ambrosia {unknown}
 W - a potion of flight {unknown}
 X - 4 potions of degeneration {unknown}
Books
 V - a book of Debilitation

   Spells                             Type                      Level
   a - Corona                         Hexes                        1
   b - Slow                           Hexes                        2
   c - Inner Flame                    Hexes/Fire                   3
   d - Portal Projectile              Hexes/Translocation          3
   e - Cause Fear                     Hexes                        4
   f - Leda's Liquefaction            Hexes/Earth                  4
 Z - a book of Maledictions

   Spells                             Type                      Level
   a - Corona                         Hexes                        1
   b - Ensorcelled Hibernation        Hexes/Ice                    2
   c - Confuse                        Hexes                        3
   d - Tukima's Dance                 Hexes                        3
   e - Dazzling Spray                 Conjuration/Hexes            3
Comestibles
 f - 11 bread rations
 n - 2 meat rations
 o - 3 royal jellies
 I - 10 chunks of flesh
 Y - 16 fruits


   Skills:
 + Level 9.9 Fighting
 + Level 14.5 Axes
 + Level 9.7 Armour
 + Level 5.9 Dodging
 + Level 1.9 Stealth
 - Level 6.4 Shields
 + Level 0.4 Invocations


You had 10 spell levels left.
You didn't know any spells.

Dungeon Overview and Level Annotations

Branches:
Dungeon (9/15)             Temple (1/1) D:5            Lair (2/6) D:9
 Spider (0/4) Lair:2
  Swamp: Lair:2-4    Shoals: Lair:2-4       Orc: D:9-12

Altars:
Ashenzari
Cheibriados
Dithmenos
Elyvilon
Fedhas
Gozag
Hepliaklqana
Kikubaaqudgha
Makhleb
Nemelex Xobeh
Okawaru
Qazlal
Ru
Trog
Uskayaw
Vehumet
Xom
Yredelemnul
Zin
The Shining One

Shops:
D:7 %   D:8 }   D:9 *


Innate Abilities, Weirdness & Mutations

You reflexively headbutt those who attack you in melee.
You have a pair of horns on your head.


Message History

You kill the death yak!
Okawaru accepts your kill.
You hit the death yak.
The death yak gores you but does no damage.
You completely miss the death yak. You headbutt the death yak!
The death yak is heavily wounded.
You completely miss the death yak. You block the death yak's attack.
Your shield prevents you from hitting the death yak.
Your headbutt misses the death yak.
The death yak is heavily wounded.
You hit the death yak but do no damage. You block the death yak's attack.
You barely miss the death yak. You headbutt the death yak!
The death yak is severely wounded.
You slash the death yak! The death yak gores you.
* * * LOW HITPOINT WARNING * * *
The death yak gores you but does no damage.
You slash the death yak! You headbutt the death yak!
The death yak is almost dead.
You slash the death yak! The death yak gores you!
You die...

#.................#
#................##
##..............##
#........Y.....P#
#.....HY.Y......##..
######P.##.........<
#######Y.P#P..
#.#YY.##... #.@Y###
#.......# .........#
.........#
.........#
.........#
.........#
.#.......#


You could see 4 death yaks.

Vanquished Creatures
  A minotaur (Lab)
  A death yak (Lair:2)
  Pikel (D:9)
  2 komodo dragons (Lair:1)
  A polar bear (Lair:1)
  Prince Ribbit (D:6)
  2 hippogriffs (Lair:1)
  A redback (Lab)
  17 yaks
  2 wyverns
  3 hungry ghosts
  4 water moccasins
  A porcupine (Lair:1)
  2 sky beasts
  3 slaves (D:9)
  2 phantoms
  The ghost of panicbit the Shield-Bearer, an amateur MiFi (D:3)
  2 orc warriors
  A centaur (D:9)
  4 ice beasts
  6 ogres
  2 crocodiles (Lair:1)
  2 big kobolds
  9 gnoll sergeants
  A scorpion (D:9)
  A crimson imp (D:8)
  10 orc wizards
  9 orc priests
  9 hounds
  A jelly (D:8)
  6 gnoll shamans (Bailey)
  2 iguanas
  2 worker ants
  A killer bee zombie (D:7)
  A hound zombie (D:8)
  2 worker ant zombies
  A howler monkey skeleton (D:9)
  6 adders
  21 gnolls
  A shadow imp (D:4)
  An ooze (D:4)
  An adder zombie (D:6)
  4 worms
  4 dart slugs (D:1)
  4 leopard geckos
  31 orcs
  3 ball pythons
  5 bats
  2 giant cockroaches
  6 goblins
  5 hobgoblins
  3 jackals (D:4)
  4 quokkas
  5 frilled lizards
  A jackal zombie (D:7)
  10 kobolds
  2 leopard gecko skeletons
  A quokka skeleton (D:4)
  A quokka zombie (D:8)
  3 rats
241 creatures vanquished.

Vanquished Creatures (others)
  A two-headed ogre (D:9)
  A yak (D:9)
  An orc warrior (D:9)
  A slave (D:9)
  A gnoll sergeant (D:9)
  An iguana (D:9)
  A worker ant (D:9)
  An orc (D:9)
  A quokka (D:9)
  8 plants (Lab)
17 creatures vanquished.

Grand Total: 258 creatures vanquished

Notes
Turn   | Place    | Note
-------+----------+-------------------------------------------
     0 | D:1      | panicbit the Minotaur Fighter began the quest for the Orb.
     0 | D:1      | Reached XP level 1. HP: 19/19 MP: 0/0
   117 | D:1      | Reached XP level 2. HP: 23/27 MP: 1/1
   313 | D:1      | You fall through a shaft!
   319 | D:2      | Reached skill level 3 in Axes
   323 | D:2      | Reached XP level 3. HP: 29/33 MP: 2/2
   370 | D:2      | Found a bloodstained altar of Trog.
   980 | D:3      | Noticed panicbit's ghost (amateur MiFi)
  1511 | D:3      | Reached XP level 4. HP: 15/40 MP: 3/3
  1707 | D:3      | Reached skill level 4 in Axes
  1751 | D:3      | Killed panicbit's ghost
  1751 | D:3      | Reached XP level 5. HP: 26/47 MP: 4/4
  2230 | D:4      | Reached skill level 5 in Armour
  2259 | D:4      | Reached skill level 5 in Axes
  2259 | D:4      | Reached XP level 6. HP: 20/53 MP: 5/5
  2267 | D:4      | Found a radiant altar of Vehumet.
  2760 | D:4      | Reached skill level 5 in Shields
  3094 | D:4      | Reached skill level 1 in Stealth
  3106 | D:4      | Reached skill level 1 in Dodging
  3106 | D:4      | Reached XP level 7. HP: 59/60 MP: 6/6
  3455 | D:4      | Noticed a hungry ghost
  3462 | D:4      | Killed a hungry ghost
  3462 | D:4      | Reached skill level 6 in Axes
  3561 | D:5      | Entered Level 5 of the Dungeon
  3581 | D:5      | Reached skill level 5 in Fighting
  3744 | D:5      | Found a staircase to the Ecumenical Temple.
  3782 | Temple   | Entered the Ecumenical Temple
  3874 | Temple   | Became a worshipper of Warmaster Okawaru
  4558 | D:6      | Reached skill level 7 in Axes
  4633 | D:6      | Found a stormy altar of Qazlal.
  4646 | D:6      | Noticed Prince Ribbit
  4658 | D:6      | Killed Prince Ribbit
  4658 | D:6      | Reached XP level 8. HP: 65/69 MP: 7/7
  4772 | D:6      | Reached skill level 8 in Axes
  4859 | D:7      | Reached * piety under Okawaru
  5004 | D:7      | Reached skill level 9 in Axes
  5024 | D:7      | Reached ** piety under Okawaru
  5179 | D:7      | Reached XP level 9. HP: 57/78 MP: 8/8
  5342 | D:7      | Found Gudgh's Food Emporium.
  5447 | D:7      | Reached skill level 10 in Axes
  5538 | D:8      | Reached *** piety under Okawaru
  5707 | D:8      | Reached skill level 11 in Axes
  5730 | D:8      | Found Rymurun's Gadget Boutique.
  6154 | D:8      | Reached **** piety under Okawaru
  6395 | D:9      | Found a staircase to the Lair.
  6397 | D:9      | Noticed Pikel
  6404 | D:9      | Killed a two-headed ogre
  6447 | D:9      | Killed Pikel
  6447 | D:9      | Reached skill level 12 in Axes
  6447 | D:9      | Reached XP level 10. HP: 11/86 MP: 9/9
  6730 | D:9      | Found a flagged portal.
  6739 | D:9      | Found a shimmering altar of Xom.
  6752 | Bailey   | Entered a bailey
  6765 | Bailey   | Reached ***** piety under Okawaru
  7363 | D:9      | Found Diqomol's Elemental Accessories.
  7443 | D:9      | Found a shattered altar of Ashenzari.
  7675 | D:9      | Reached skill level 5 in Dodging
  7786 | D:9      | Found a hazy altar of Hepliaklqana.
  7786 | D:9      | Found a shadowy altar of Dithmenos.
  7909 | Lair:1   | Entered Level 1 of the Lair of Beasts
  7934 | Lair:1   | Reached skill level 13 in Axes
  7947 | Lair:1   | Found a labyrinth entrance.
  7974 | Lair:1   | Received a gift from Okawaru
  7975 | Lair:1   | Got a steaming shield {god gift}
  7986 | Lair:1   | Identified the +0 shield of Gallantry {rC+ Str+3} (Okawaru gifted it to you on level 1 of the Lair of Beasts)
  8266 | Lab      | Entered a labyrinth
  8615 | Lab      | Noticed a minotaur
  8630 | Lab      | Killed a minotaur
  8630 | Lab      | Reached skill level 14 in Axes
  8630 | Lab      | Reached XP level 11. HP: 25/97 MP: 7/10
  9429 | Lair:2   | Received a gift from Okawaru
  9545 | Lair:2   | Found a hole to the Spider Nest.
  9640 | Lair:2   | Noticed a death yak
  9641 | Lair:2   | Noticed a death yak
  9641 | Lair:2   | Noticed a death yak
  9642 | Lair:2   | Noticed a death yak
  9645 | Lair:2   | Noticed a death yak
  9693 | Lair:2   | Killed a death yak
  9697 | Lair:2   | Slain by a death yak

Skill      XL: |  1  2  3  4  5  6  7  8  9 10 |
---------------+-------------------------------+-----
Axes           | 3 4 5 7 9 12 14 | 14.5
Shields        | 4 5 6 |  6.4
Armour         | 4 5 6 7 8 9 |  9.7
Fighting       | 4 5 6 7 9 |  9.9
Stealth        | 1 |  1.9
Dodging        | 1 3 4 5 |  5.9
Invocations    | |  0.4

Action                   |  1- 3 |  4- 6 |  7- 9 | 10-12 || total
-------------------------+-------+-------+-------+-------++-------
Melee: War axe           |    67 |   110 |   312 |   354 ||   843
       Headbutt          |    15 |    20 |    63 |    81 ||   179
       Battleaxe         |       |       |       |    11 ||    11
Invok: Heroism           |       |       |       |     3 ||     3
       Finesse           |       |       |       |     1 ||     1
  Use: Scroll            |       |       |     3 |       ||     3
       Potion            |       |       |     1 |     1 ||     2
  Eat: Chunk             |     2 |     5 |    10 |     7 ||    24
       Fruit             |       |       |     2 |    13 ||    15
Armor: Scale mail        |    26 |    50 |    18 |       ||    94
       Pearl dragon scal |       |       |   120 |   201 ||   321
Dodge: Dodged            |    22 |    41 |    85 |   150 ||   298
Block: Shield            |    27 |    49 |   122 |   216 ||   414
